 Dungeon Crawl Stone Soup version 0.25-a0-163-g00f8f0cddd (webtiles) character file.

Game seed: 1944578250492158893, levelgen mode: deterministic

41 Jindul the Magician (level 3, -4/46 HPs)
             Began as a Gnoll Wanderer on Nov 22, 2019.
             Slain by an adder (5 damage)
             ... on level 2 of the Dungeon.
             The game lasted 00:09:02 (1163 turns).

Jindul the Magician (Gnoll Wanderer)                Turns: 1163, Time: 00:09:06

Health: -4/46      AC:  2    Str: 17    XL:     3   Next: 52%
Magic:  11/11      EV: 11    Int: 20    God:
Gold:   63         SH:  0    Dex: 11    Spells: 12/16 levels left

rFire    . . .     SeeInvis .   i - +0 spear
rCold    . . .     Gourm    .   (no shield)
rNeg     . . .     Faith    .   d - +0 robe
rPois    .         Spirit   .   (no helmet)
rElec    .         Reflect  .   (no cloak)
rCorr    .         Harm     .   (no gloves)
MR       .....                  (no boots)
Stlth    ..........             (no amulet)
HPRegen  0.15/turn              (no ring)
MPRegen  0.12/turn              (no ring)

@: berserking, lethally poisoned (-4 -> -13), hasted, very quick
A: distributed training, fangs 1, strong nose
a: no special abilities


You were on level 2 of the Dungeon.
You were not hungry.

You visited 1 branch of the dungeon, and saw 2 of its levels.

You collected 63 gold pieces.

Inventory:

Hand Weapons
 a - a +0 club
 h - a +0 whip
 i - a +0 spear (weapon)
Armour
 d - a +0 robe (worn)
Jewellery
 j - an uncursed ring of protection from fire {unknown}
Scrolls
 b - a scroll of fear {unknown}
 c - a scroll of teleportation
 g - 4 scrolls of identify {unknown}
 l - 2 scrolls of blinking {unknown}
Potions
 k - a potion of haste
Miscellaneous
 e - a phial of floods
Comestibles
 f - 2 rations
 n - 2 chunks of flesh


   Skills:
 + Level 4.5 Fighting
 + Level 0.8 Short Blades
 + Level 0.8 Long Blades
 + Level 0.8 Axes
 + Level 0.8 Maces & Flails
 + Level 2.6 Polearms
 + Level 0.8 Staves
 + Level 0.8 Slings
 + Level 0.8 Bows
 + Level 0.8 Crossbows
 + Level 0.8 Throwing
 + Level 0.8 Armour
 + Level 0.8 Dodging
 + Level 0.8 Stealth
 + Level 2.6 Shields
 + Level 0.8 Unarmed Combat
 + Level 7.1 Spellcasting
 + Level 0.5 Conjurations
 + Level 0.5 Hexes
 + Level 0.5 Charms
 + Level 2.1 Summonings
 + Level 0.5 Necromancy
 + Level 0.5 Translocations
 + Level 0.5 Transmutations
 + Level 2.1 Fire Magic
 + Level 0.5 Ice Magic
 + Level 0.5 Air Magic
 + Level 0.5 Earth Magic
 + Level 0.5 Poison Magic
 + Level 1.0 Invocations
 + Level 2.6 Evocations


You had 12 spell levels left.
You knew the following spells:

 Your Spells              Type           Power        Failure   Level  Hunger
a - Sandblast             Erth           #.....       8%          1    None
b - Stone Arrow           Conj/Erth      #.....       22%         3    #......

Your spell library contained the following spells:

 Spells                   Type           Power        Failure   Level  Hunger


Dungeon Overview and Level Annotations

Branches:
Dungeon (2/15)

Altars:
Fedhas


Innate Abilities, Weirdness & Mutations

Your experience applies equally to all skills.
You have very sharp teeth.
Your uncanny sense of smell can sniff out nearby items.


Message History

You are more poisoned.
The adder poisons you!
* * * LOW HITPOINT WARNING * * *
You feel sick.
You closely miss the adder.
The adder is severely wounded.
* * * LOW HITPOINT WARNING * * *
You feel sick. The adder completely misses you. The adder misses you.
It was a potion of haste.
You feel yourself speed up.
* * * LOW HITPOINT WARNING * * *
You feel sick. The adder bites you.
* * * LOW HITPOINT WARNING * * *
It was a potion of berserk rage.
A red film seems to cover your vision as you go berserk!
You feel yourself moving faster!
You feel mighty!
* * * LOW HITPOINT WARNING * * *
You feel sick.
The frilled lizard completely misses you.
The adder bites you.
You die...

................#
.####.#..######.#
## ####.# #.# #..
..### #.# ....
..## #.# ...>.
..# #.# ♣.....♣.#
#.#
.......S######.#
..♣.♣..l@......#
.....#.########
#......# ##...#.#
#######


You could see an adder and a frilled lizard.

Vanquished Creatures
  An ooze (D:1)
  3 dart slugs
  3 giant cockroaches
  5 goblins (D:1)
  3 hobgoblins (D:1)
  2 kobolds
  6 bats (D:1)
  5 frilled lizards (D:1)
  3 rats
31 creatures vanquished.

Notes
Turn   | Place    | Note
-------+----------+-------------------------------------------
     0 | D:1      | Jindul the Gnoll Wanderer began the quest for the Orb.
     0 | D:1      | Jindul set off with the following items: a +0 club, a
                  | scroll of teleportation, a +0 robe, a phial of floods, a
                  | ration; and the following spell memorised: Sandblast; and
                  | the following spells available to memorise: Stone Arrow
     0 | D:1      | Reached XP level 1. HP: 20/20 MP: 8/8
   368 | D:1      | Reached XP level 2. HP: 26/26 MP: 10/10
   573 | D:1      | Reached XP level 3. HP: 9/31 MP: 11/11
   872 | D:1      | Learned a level 3 spell: Stone Arrow
  1007 | D:2      | Found a blossoming altar of Fedhas.
  1102 | D:2      | Reached skill level 1 in Invocations
  1162 | D:2      | HP: 1/31 [adder (1)]
  1163 | D:2      | Slain by an adder

Levels and vault maps discovered:
D:1:      evilmike_arrival_crescent, layout_rooms, roderic_serpentine_path,
          minmay_ruptured
D:2:      minmay_spotlight, layout_basic, gammafunk_temple_overflow_elements,
          first_ration, grunt_ministairs_9, fedhas_altar_3, uniq_jessica,
          uniq_crazy_yiuf_cottage

Skill      XL: |  1  2  3 |
---------------+----------+-----
Summonings     | 2 |  2.1
Fire Magic     | 2 |  2.1
Invocations    | 1 |  1.0
Fighting       | |  4.5
Short Blades   | |  0.8
Long Blades    | |  0.8
Axes           | |  0.8
Maces & Flails | |  0.8
Polearms       | |  2.6
Staves         | |  0.8
Slings         | |  0.8
Bows           | |  0.8
Crossbows      | |  0.8
Throwing       | |  0.8
Armour         | |  0.8
Dodging        | |  0.8
Stealth        | |  0.8
Shields        | |  2.6
Unarmed Combat | |  0.8
Spellcasting   | |  7.1
Conjurations   | |  0.5
Hexes          | |  0.5
Charms         | |  0.5
Necromancy     | |  0.5
Translocations | |  0.5
Transmutations | |  0.5
Ice Magic      | |  0.5
Air Magic      | |  0.5
Earth Magic    | |  0.5
Poison Magic   | |  0.5
Evocations     | |  2.6

Action                   || total
-------------------------++-------
Melee: Club              ||    24
       Spear             ||    85
       Bite              ||    11
  Use: Potion            ||     2
 Stab: Sleeping          ||     3
       Distracted        ||     1
  Eat: Chunk             ||     1
Armor: Robe              ||    17
Dodge: Dodged            ||    57

Table legend:
 A = Non-vault XP
 B = Vault XP
 C = Vault XP percentage of total XP
 D = Non-vault monster count
 E = Vault monster count
 F = Vault count percentage of total count
                 A         B        C        D         E       F
            +---------+---------+-------+---------+---------+-------
      Total |      53 |       6 |  10.2 |      27 |       4 |  12.9
            +---------+---------+-------+---------+---------+-------
        D:1 |      45 |       6 |  11.8 |      23 |       4 |  14.8
        D:2 |       8 |       0 |   0.0 |       4 |       0 |   0.0
            +---------+---------+-------+---------+---------+-------
